 Dungeon Crawl Stone Soup version 0.22-b1-26-g9dbaab1 (webtiles) character file.

113 Lilu the Caller (level 5, -12/28 HPs)
             Began as a Kobold Summoner on Aug 8, 2018.
             Mangled by a mummy (19 damage)
             ... in an ossuary.
             The game lasted 00:11:00 (3066 turns).

Lilu the Caller (Kobold Summoner)                   Turns: 3066, Time: 00:11:00

Health: -12/28     AC:  2    Str:  6    XL:     5   Next: 17%
Magic:  0/9        EV: 15    Int: 16    God:
Gold:   88         SH:  0    Dex: 16    Spells: 6/10 levels left

rFire    . . .     SeeInvis .   i - +1 mace (drain)
rCold    . . .     Gourm    .   (shield restricted)
rNeg     . . .     Faith    .   a - +0 robe
rPois    .         Spirit   .   g - +0 hat
rElec    .         Reflect  .   (no cloak)
rCorr    .         Harm     .   (no gloves)
MR       .....                  (no boots)
Stlth    ++........             (no amulet)
HPRegen  0.09/turn              (no ring)
MPRegen  0.11/turn              (no ring)

@: no status effects
A: small, carnivore
a: no special abilities


You were in an ossuary.
You were completely stuffed.

You visited 1 branch of the dungeon, and saw 4 of its levels.
You also visited: Ossuary.

You collected 88 gold pieces.

Inventory:

Hand Weapons
 i - a +1 mace of draining (weapon)
Armour
 a - a +0 robe (worn)
 g - a +0 hat (worn)
Jewellery
 j - an uncursed ring of protection from fire {unknown}
Scrolls
 b - 2 scrolls of enchant weapon {unknown}
 f - 2 scrolls of remove curse {unknown}
 h - 2 scrolls of identify {unknown}
 n - a scroll of amnesia {unknown}
Potions
 d - a potion of flight {unknown}
 e - a potion of curing {unknown}
 l - a potion of heal wounds {unknown}
 m - a potion of brilliance {unknown}
Comestibles
 c - 5 rations


   Skills:
 - Level 2.4 Dodging
 - Level 2.6 Stealth
 - Level 3.2 Spellcasting
 + Level 5.5 Summonings


You had 6 spell levels left.
You knew the following spells:

 Your Spells              Type           Power        Failure   Level  Hunger
a - Summon Small Mammal   Summ           ###.         1%          1    None
b - Call Canine Familiar  Summ           ###.....     5%          3    ###....

Your spell library contained the following spells:

 Spells                   Type           Power        Failure   Level  Hunger
 Summon Ice Beast         Ice/Summ       ##......     50%         4    ####...
 Call Imp                 Summ           ###.....     2%          2    ##.....
 Summon Lightning Spire   Summ/Air       ##......     50%         4    ####...
 Summon Guardian Golem    Hex/Summ       ##......     17%         3    ###....


Dungeon Overview and Level Annotations

Branches:
Dungeon (6/15)
 Temple: D:4-7

Altars:
Ashenzari
Qazlal
Zin

Shops:
D:2 *


Innate Abilities, Weirdness & Mutations

You are small and have problems with some larger weapons.
You are carnivorous and can eat meat at any time.


Message History

The mummy barely misses your bat.
There is a gate leading back out of this place here.
Your bat closely misses the kobold zombie.
There is an empty arch of ancient stone here.
You barely miss the kobold zombie.
The kobold zombie is heavily damaged.
Your bat hits the kobold zombie. The orc zombie closely misses you.
The kobold zombie closely misses you. The mummy closely misses you.
You hit the kobold zombie.
You destroy the kobold zombie!
Your bat hits the mummy but does no damage.
Your bat barely misses the mummy.
The orc zombie hits you.
* * * LOW HITPOINT WARNING * * *
Your bat completely misses the mummy.
Casting: Summon Small Mammal (safe; 1% risk of failure)
Confirm with . or Enter, or press ? or * to list all spells.
Your bat closely misses the mummy.
The mummy closely misses your bat. The mummy hits you!!
Ouch! That really hurt!
You die...

##....##
#....#
#....#
#....#
#....#
#.M..#
#b...#
#MrM.#
#@MZ.#
######


You could see 4 mummies, an orc zombie, a friendly quokka and a friendly bat.

Vanquished Creatures
  A mummy (Ossuary)
  2 worms (D:2)
  3 dart slugs
  3 giant cockroaches
  3 goblins
  5 hobgoblins
  4 jackals (D:2)
  A quokka (D:2)
  A bat (D:1)
  3 frilled lizards
  3 kobolds (D:2)
  2 kobold zombies (Ossuary)
  3 rats (D:2)
34 creatures vanquished.

Vanquished Creatures (collateral kills)
  A mummy (Ossuary)
  A gnoll (D:1)
  3 adders
  An ooze (D:1)
  A worm (D:2)
  2 dart slugs
  A leopard gecko (D:1)
  A giant cockroach (D:2)
  2 gnoll zombies (Ossuary)
  3 goblins (D:1)
  3 hobgoblins (D:1)
  9 jackals
  A bat (D:1)
  2 hobgoblin zombies (Ossuary)
  A kobold (D:1)
  A kobold zombie (Ossuary)
  4 rats (D:1)
37 creatures vanquished.

Grand Total: 71 creatures vanquished

Notes
Turn   | Place    | Note
-------+----------+-------------------------------------------
     0 | D:1      | Lilu the Kobold Summoner began the quest for the Orb.
     0 | D:1      | Reached XP level 1. HP: 10/10 MP: 3/3
   136 | D:1      | Reached XP level 2. HP: 10/15 MP: 0/5
   707 | D:1      | Reached XP level 3. HP: 7/19 MP: 1/7
  1611 | D:2      | Found Zin's Purification Station.
  1615 | D:2      | Found a glowing silver altar of Zin.
  1635 | D:2      | Reached XP level 4. HP: 24/24 MP: 6/8
  1859 | D:2      | Found a shattered altar of Ashenzari.
  2045 | D:2      | Found a stormy altar of Qazlal.
  2055 | D:2      | Reached skill level 5 in Summonings
  2556 | D:2      | Saw a vision of the Shoals and the Spider Nest.
  2556 | D:2      | Noticed a wolf spider
  2556 | D:2      | Noticed a merfolk siren
  2556 | D:2      | Noticed a redback
  2556 | D:2      | Noticed a merfolk
  2556 | D:2      | Noticed a merfolk siren
  2556 | D:2      | Noticed a redback
  2556 | D:2      | Noticed a redback
  2557 | D:2      | Noticed a redback
  2611 | D:2      | Learned a level 3 spell: Call Canine Familiar
  2970 | D:3      | You fall through a shaft for 3 floors!
  2970 | D:6      | Found a sand-covered staircase.
  2974 | Ossuary  | Entered an ossuary
  3017 | Ossuary  | Reached XP level 5. HP: 28/28 MP: 0/9
  3066 | Ossuary  | Mangled by a mummy

Skill      XL: |  1  2  3  4 |
---------------+-------------+-----
Spellcasting   | 3 |  3.2
Summonings     | 5 |  5.5
Dodging        | |  2.4
Stealth        | |  2.6

Action                   |  1- 3 |  4- 6 || total
-------------------------+-------+-------++-------
Melee: Dagger            |    39 |       ||    39
       Unarmed           |     1 |       ||     1
       Mace              |    23 |   108 ||   131
 Cast: Summon Small Mamm |    38 |    26 ||    64
       Call Canine Famil |       |     4 ||     4
 Stab: Sleeping          |     6 |     3 ||     9
  Eat: Chunk             |    11 |     5 ||    16
Armor: Robe              |    11 |    16 ||    27
Dodge: Dodged            |    87 |   113 ||   200
